 Dungeon Crawl Stone Soup version 0.28-a0-461-g2dc4ca5097 (webtiles) character file.

Game seed: 10326950675402260577

2475 lunkers the Thaumaturge (level 9, -18/68 HPs)
             Began as a Djinni Cinder Acolyte on Sept 13, 2021.
             Was a High Priest of Ignis.
             Demolished by Duvessa (19 damage)
             ... on level 7 of the Dungeon.
             The game lasted 00:15:59 (9237 turns).

lunkers the Thaumaturge (Djinni Cinder Acolyte)     Turns: 9237, Time: 00:15:59

Health: -18/68     AC:  4    Str: 10    XL:     9   Next: 80%
Gold:   403        EV: 11    Int: 20    God:    Ignis [*****.] SH:  0 Dex:  8

rFire   + + +      SeeInvis .   w - +10 morningstar of Disintegration {flame, *Rage rF+ rC++ Str-3}
rCold   + + +      Faith    .   (no shield)
rNeg    . . .      Spirit   .   v - +1 robe {rC+ rF+}
rPois   ∞          Reflect  .   p - +0 helmet
rElec   .          Harm     .   (no cloak)
rCorr   .          Rampage  .   (no gloves)
Will    .....      Rage     20% (boots unavailable)
Stlth   +.........              (no amulet)
HPRegen 0.21/turn               j - ring of ice
MPRegen 0.00/turn               n - ring of wizardry

@: flying
A: sickness immunity, fire resistance 2, cold vulnerability 1, float, innate
caster, hp casting, extra vitality 1
a: Renounce Religion, Sea of Fire, Foxfire Swarm, Rising Flame


You were on level 7 of the Dungeon.
You worshipped Ignis.
Ignis was extremely pleased with you.
You visited 1 branch of the dungeon, and saw 7 of its levels.

You collected 403 gold pieces.

Inventory:

Hand Weapons
 a - a -1 short sword of flaming
 w - the +10 morningstar of Disintegration (weapon) {flame, *Rage rF+ rC++ Str-3}
   (You found it on level 5 of the Dungeon)

   It burns those it strikes, dealing additional fire damage.
   Str:       It affects your strength (-3).
   rF:        It protects you from fire.
   rC:        It greatly protects you from cold.
   *Rage:     It lets you go berserk by making a melee attack (+20% chance).
Armour
 p - a +0 helmet (worn)
 v - a +1 robe of resistance (worn)
Jewellery
 j - a ring of ice (left hand)
 n - a ring of wizardry (right hand)
Wands
 x - a wand of digging (3)
Scrolls
 h - 2 scrolls of blinking {unknown}
 o - 2 scrolls of teleportation {unknown}
 r - 2 scrolls of amnesia {unknown}
 t - a scroll of enchant armour {unknown}
 u - 2 scrolls of silence {unknown}
 y - a scroll of vulnerability {unknown}
Potions
 b - a potion of might {unknown}
 c - a potion of brilliance
 e - 3 potions of attraction
 f - 2 potions of haste
 i - a potion of cancellation
 m - a potion of lignification {unknown}
 q - a potion of mutation {unknown}
 s - 2 potions of curing


   Skills:
 + Level 7.6 Fighting
 - Level 2.6 Short Blades
 + Level 2.2 Maces & Flails
 * Level 8.1 Spellcasting


You had 13 spell levels left.
You knew the following spells:

 Your Spells              Type           Power      Damage    Failure   Level
a - Shock                 Conj/Air       100%       1d9       1%          1
b - Scorch                Fire           80%        2d9       1%          2
c - Passwall              Tmut/Erth      33%        N/A       1%          2
d - Spider Form           Tmut/Pois      20%        N/A       1%          3
e - Inner Flame           Hex/Fire       40%        N/A       1%          3
Your spell library was empty.

Dungeon Overview and Level Annotations

Branches:
Dungeon (7/15)             Temple (0/1) D:4

Altars:
Elyvilon
Sif Muna
Uskayaw
Yredelemnul

Annotations:
D:7 Duvessa


Innate Abilities, Weirdness & Mutations

You are immune to sickness and miasma.
You are immune to poison.
Your flesh is very heat resistant. (rF++)
You are vulnerable to cold. (rC-)
You float through the air rather than walking.
You learn spells naturally, not from books.
Your magical power is your life essence.
You have superior vitality. (+4 HP)


Message History

Duvessa is moderately wounded.
Duvessa is no longer more vulnerable to fire.
Duvessa closely misses you.
Casting: Scorch (safe; 1% risk of failure)
Press: ? - help, Q - select action, (/) - cycle Dir - look around, f - activate Flames lash Dowan.
Dowan is burned terribly!
Dowan is severely wounded.
Duvessa completely misses you. Dowan hits you with a +0 dagger.
Casting: Scorch (safe; 1% risk of failure)
Press: ? - help, Q - select action, (/) - cycle Dir - look around, f - activate Flames lash Dowan.
Dowan is burned terribly!
You kill Dowan!
Duvessa weeps, then rights herself and shakes her weapon.
Duvessa goes berserk!
Duvessa hits you with a +0 rapier!
* * * LOW HITPOINT WARNING * * *
Duvessa hits you with a +0 rapier!
* * * LOW HITPOINT WARNING * * *
Aiming: Corrosive Bolt
Press: ? - help, Shift-Dir - straight line, f - Duvessa
Aim: Duvessa, wielding a +0 rapier and wearing a +0 chain mail (moderately wounded, berserk, 83% to hit)
The bolt of acid hits Duvessa!
The acid corrodes Duvessa!
Duvessa is heavily wounded.
Duvessa hits you with a +0 rapier!
* * * LOW HITPOINT WARNING * * *
Aiming: Corrosive Bolt
Press: ? - help, Shift-Dir - straight line, f/p - Duvessa
Aim: Duvessa, wielding a +0 rapier and wearing a +0 chain mail (heavily wounded, berserk, covered in acid, 83% to hit)
The bolt of acid misses Duvessa.
The now-empty wand crumbles to dust.
Duvessa hits you with a +0 rapier.
* * * LOW HITPOINT WARNING * * *
Duvessa closely misses you.
Casting: Scorch (safe; 1% risk of failure)
Press: ? - help, Q - select action, (/) - cycle Dir - look around, f - activate Flames lash Duvessa.
Duvessa is severely wounded.
Duvessa's fire resistance burns away.
* * * LOW HITPOINT WARNING * * *
Duvessa hits you with a +0 rapier!!
You die...

.........................
.........................
.........................
.........................
.e.......................
..# #.....# .......#
####### ...##+### ....
.... ..... ......


You could see Duvessa (berserk, combustible, corroded).

Vanquished Creatures
  Pikel (D:6)
  Eustachio (D:6)
  Menkaure (D:5)
  Edmund (D:5)
  A black bear (D:3)
  A sky beast (D:6)
  2 ogres
  Blork the orc (D:5)
  2 bullfrogs
  3 scorpions
  A wyvern skeleton (D:5)
  Dowan (D:7)
  A water moccasin skeleton (D:4)
  A centaur zombie (D:5)
  2 hounds (D:4)
  An orc priest (D:5)
  A centaur skeleton (D:4)
  5 jellies
  2 orc wizards (D:4)
  4 iguanas
  A killer bee zombie (D:5)
  A hound skeleton (D:4)
  7 gnolls
  8 adders
  A white imp (D:6)
  An ufetubus (D:4)
  2 adder skeletons (D:4)
  2 worms
  3 dart slugs
  12 orcs
  7 endoplasms
  2 giant cockroaches (D:3)
  4 goblins
  8 hobgoblins
  10 jackals
  11 kobolds
  3 quokkas
  6 ball pythons
  5 bats
  6 frilled lizards
  7 rats
140 creatures vanquished.

Vanquished Creatures (others)
  2 fungi (D:2)
  2 plants (D:2)
4 creatures vanquished.

Grand Total: 144 creatures vanquished

Notes
Turn   | Place    | Note
-------+----------+-------------------------------------------
     0 | D:1      | lunkers the Djinni Cinder Acolyte began the quest for the
                  | Orb.
     0 | D:1      | Reached XP level 1. HP: 20/20 MP: 0/0
   223 | D:1      | Reached XP level 2. HP: 19/25 MP: 0/0
   972 | D:1      | Reached XP level 3. HP: 27/30 MP: 0/0
   972 | D:1      | Learned a level 1 spell: Shock
   973 | D:1      | Reached skill level 3 in Spellcasting
  1413 | D:1      | Reached XP level 4. HP: 5/35 MP: 0/0
  1920 | D:2      | Found a faded altar of an unknown god.
  2616 | D:2      | Reached XP level 5. HP: 31/41 MP: 0/0
  2616 | D:2      | Learned a level 2 spell: Passwall
  4237 | D:4      | Noticed a black bear
  4240 | D:4      | Reached skill level 4 in Spellcasting
  4411 | D:3      | Killed a black bear
  4412 | D:3      | Reached XP level 6. HP: 34/48 MP: 0/0
  5049 | D:4      | Found a staircase to the Ecumenical Temple.
  5070 | D:4      | Reached XP level 7. HP: 33/53 MP: 0/0
  5070 | D:4      | Learned a level 3 spell: Spider Form
  5264 | D:4      | Reached skill level 5 in Fighting
  5264 | D:4      | Reached skill level 5 in Spellcasting
  6022 | D:5      | Entered Level 5 of the Dungeon
  6151 | D:5      | Noticed Edmund
  6164 | D:5      | Killed Edmund
  6165 | D:5      | Reached XP level 8. HP: 20/61 MP: 0/0
  6389 | D:5      | Reached skill level 6 in Spellcasting
  6587 | D:5      | Noticed Blork the orc
  6616 | D:5      | Killed Blork the orc
  6876 | D:5      | Identified the +10 morningstar of Disintegration {flame,
                  | *Rage rF+ rC++ Str-3}
  7258 | D:5      | Noticed Menkaure
  7262 | D:5      | Killed Menkaure
  7302 | D:5      | Reached skill level 7 in Spellcasting
  7446 | D:5      | Reached XP level 9. HP: 66/67 MP: 0/0
  7446 | D:5      | Learned a level 3 spell: Inner Flame
  7486 | D:5      | Found a hide-covered altar of Uskayaw.
  7488 | D:5      | Found a white marble altar of Elyvilon.
  7526 | D:5      | Found a basalt altar of Yredelemnul.
  8137 | D:6      | Noticed Pikel
  8150 | D:6      | Killed Pikel
  8151 | D:6      | Reached skill level 1 in Maces & Flails
  8388 | D:6      | Noticed Eustachio
  8403 | D:6      | Killed Eustachio
  8604 | D:6      | Reached skill level 8 in Spellcasting
  9222 | D:7      | Noticed Duvessa
  9223 | D:7      | Noticed Dowan
  9234 | D:7      | Killed Dowan
  9236 | D:7      | HP: 3/68 [Duvessa (5)]
  9237 | D:7      | Demolished by Duvessa

Illustrated notes

Levels and vault maps discovered:
D:1:      scummos_arrival_simple_fountains, layout_rooms, minmay_tripent
D:2:      layout_basic, shapermc_ecumenical_altar_hornbeckon,
          lexackson_kobold_supper
D:3:      layout_basic, hex_tiny, grunt_decor_cap, interstate_on_off,
          hangedman_abyss_or_decor_stabs
D:4:      layout_rooms, minmay_temple_entry_crystal_x
D:5:      layout_loops_cross, nicolae_overflow_hidden_temple, uniq_edmund,
          uniq_menkaure, uniq_blork_the_orc
D:6:      layout_loops_corners, grunt_ministairs_4, minmay_statues_item,
          uniq_eustachio, uniq_pikel
D:7:      layout_gridville, grunt_temple_overflow_cloverleaf, uniq_duvessa

Skill      XL: |  1  2  3  4  5  6  7  8  9 |
---------------+----------------------------+-----
Spellcasting   | 3 4 5 7 8 |  8.1
Fighting       | 4 5 6 7 |  7.6
Maces & Flails | 2 |  2.2
Short Blades   | |  2.6

Action                   |  1- 3 |  4- 6 |  7- 9 || total
-------------------------+-------+-------+-------++-------
Melee: Short sword       |    32 |       |       ||    32
       Morningstar       |       |       |    21 ||    21
 Cast: Scorch            |    35 |   100 |   131 ||   266
       Shock             |       |     3 |     4 ||     7
Evoke: Wand              |       |       |     6 ||     6
  Use: Scroll            |       |       |     7 ||     7
Armor: Robe              |    13 |    15 |    20 ||    48
Dodge: Dodged            |    29 |    52 |    62 ||   143

Table legend: (Time is in decaauts)
 A = Elapsed time spent in this place.
 B = Non-inter-level travel time spent in this place.
 C = Inter-level travel time spent in this place.
 D = Time resting spent in this place.
 E = Time spent auto-exploring this place.
 F = Levels seen in this place.
 G = Mean time per level.
                   A        B        C        D        E       F      G
               +--------+--------+--------+--------+--------+-----+--------+
         Total |   9274 |   9111 |    163 |   1282 |   6776 |   7 | 1324.9 |
       Dungeon |   9274 |   9111 |    163 |   1282 |   6776 |   7 | 1324.9 |
               +--------+--------+--------+--------+--------+-----+--------+

Top non-repeatable levels by time:
     D:1: 1844 daAuts
     D:3: 1776 daAuts
     D:5: 1618 daAuts
     D:6: 1466 daAuts
     D:2: 1384 daAuts
     D:4: 1020 daAuts
     D:7: 162 daAuts
